 Dungeon Crawl Stone Soup version 0.30.1-11-g7821555f0a (webtiles) character file.

Game seed: 18299221665133211875

4 monsoonserge the Conjurer (level 1, -1/12 HPs)
             Began as a Tengu Reaver on Jan 10, 2024.
             Slain by a quokka (4 damage)
             ... on level 1 of the Dungeon.
             The game lasted 00:00:18 (73 turns).

monsoonserge the Conjurer (Tengu Reaver)              Turns: 73, Time: 00:00:19

Health: -1/12      AC:  3    Str: 12    XL:     1   Next: 70%
Magic:  4/4        EV: 12    Int: 13    God:
Gold:   18         SH:  0    Dex: 12    Spells: 3/4 levels left

rFire   . . .        a - +0 mace
rCold   . . .        (no shield)
rNeg    . . .        b - +0 leather armour
rPois   .            (helmet restricted)
rElec   .            (no cloak)
rCorr   .            (no gloves)
SInv    .            (boots unavailable)
Will    .....        (no amulet)
Stlth   +            (no ring)
HPRegen 0.22/turn    (no ring)
MPRegen 0.09/turn

%: no passive effects
@: no status effects
A: beak, talons 3
a: no special abilities


You were on level 1 of the Dungeon.
You visited 1 branch of the dungeon, and saw 1 of its levels.

You collected 18 gold pieces.

Inventory:

Hand Weapons
 a - a +0 mace (weapon)
Armour
 b - a +0 leather armour (worn)
Potions
 c - a potion of brilliance {unknown}
 d - a potion of flight {unknown}


   Skills:
 + Level 2.0 Fighting
 + Level 3.3 Maces & Flails
 + Level 2.3 Dodging
 - Level 2.0 Spellcasting
 + Level 4.1 Conjurations


You had 3 spell levels left.
You knew the following spells:

 Your Spells              Type           Power      Damage    Failure   Level
a - Kiss of Death         Conj/Necr      24%        2d7       14%         1

Your spell library contained the following spells:

 Spells                   Type           Power      Damage    Failure   Level
 Momentum Strike          Conj/Tloc      12%        3d8       21%         2
 Hailstorm                Conj/Ice       6%         3d4       38%         3


Dungeon Overview and Level Annotations

Branches:
Dungeon (1/15)

Altars:


Innate Abilities, Weirdness & Mutations

You have a beak for a mouth.
You have claws for feet.


Message History

Found a stone staircase leading down.
The kobold shouts!
The kobold throws a stone.
The stone hits you but does no damage.
The kobold throws a stone.
The stone hits you but does no damage. The kobold hits you with a +0 whip.
You hit the kobold.
You kill the kobold!
Things that are here:
a +0 whip; 4 stones An endoplasm comes into view.
The endoplasm quivers.
You hit the endoplasm but do no damage. You claw the endoplasm.
You peck the endoplasm.
The endoplasm is heavily wounded.
The endoplasm closely misses you. The endoplasm hits you.
You hit the endoplasm.
You kill the endoplasm!
A quokka comes into view.
A quokka is nearby!
The quokka twitches its whiskers.
You miss the quokka. Your kick misses the quokka. Your peck misses the quokka.
The quokka misses you.
You closely miss the quokka. The quokka barely misses you.
You barely miss the quokka. You claw the quokka.
The quokka is heavily wounded.
The quokka bites you. The quokka barely misses you.
You closely miss the quokka. Your kick misses the quokka.
The quokka is heavily wounded.
The quokka closely misses you.
You closely miss the quokka. You claw the quokka, but do no damage.
The quokka is heavily wounded.
The quokka misses you. The quokka bites you.
You closely miss the quokka.
The quokka is heavily wounded.
The quokka bites you.
* * * LOW HITPOINT WARNING * * *
You hit the quokka.
The quokka is almost dead.
The quokka barely misses you. The quokka bites you.
You die...

#. #.#....†.##..#######
##..#.#.####.##..#....
......)................
##.......###.#.##.....#
#...........#.# ###..#
#......#..).#.##### .##
#..#.#.#..#.#.#... ...
#..#......#.#.#.##.....
#. .......#....@r......
#..#...#..#.#.#.##..###
>.#..........#.# #
.............#
#......###.... ...#.
#.#.# ..... ..#.# ...#
#.#.# ..# #


You could see a quokka.

Vanquished Creatures
  An endoplasm (D:1)
  A goblin (D:1)
  A quokka (D:1)
  A kobold (D:1)
4 creatures vanquished.

Notes
Turn   | Place    | Note
-------+----------+-------------------------------------------
     0 | D:1      | monsoonserge the Tengu Reaver began the quest for the Orb.
     0 | D:1      | Reached XP level 1. HP: 12/12 MP: 4/4
    73 | D:1      | Slain by a quokka

Illustrated notes

Levels and vault maps discovered:
D:1:      amcnicky_arrival_wind_blow, layout_basic

Action                     || total
---------------------------++-------
  Melee: Mace              ||    17
         Kick              ||     4
         Peck              ||     1
         Punch             ||     1
 Armour: Leather armour    ||     4
  Dodge: Dodged            ||     9
